 Dungeon Crawl Stone Soup version 0.22.1-1-ga44c0e56f4 (webtiles) character file.

11566 Ihlosi the Warrior (level 11, -1/135 HPs)
             Began as an Ogre Fighter on Nov 1, 2018.
             Was a High Priest of Okawaru.
             Slain by a blink frog (6 damage)
             ... on level 2 of the Lair of Beasts.
             The game lasted 01:00:36 (18314 turns).

Ihlosi the Warrior (Ogre Fighter)                  Turns: 18314, Time: 01:00:37

Health: -1/135     AC:  7    Str: 22    XL:     11   Next: 79%
Magic:  0/24       EV:  8    Int: 10    God:    Okawaru [*****.]
Gold:   596        SH:  8    Dex: 10    Spells: 16/16 levels left

rFire    + + .     SeeInvis .   b - +1 dagger (venom)
rCold    + . .     Gourm    .   c - +0 shield
rNeg     . . .     Faith    .   s - +2 robe {rC+}
rPois    .         Spirit   +   (helmet restricted)
rElec    .         Reflect  .   l - +1 cloak
rCorr    .         Harm     .   (gloves unavailable)
MR       ++...                  (boots unavailable)
Stlth    +.........             J - amulet of guardian spirit
HPRegen  0.32/turn              E - ring of magical power
MPRegen  0.19/turn              z - ring of protection from magic

@: no status effects
A: large, unfitting armour, fire resistance 2, tough skin 1, MP-powered wands
a: Heroism, Finesse, Renounce Religion


You were on level 2 of the Lair of Beasts.
You worshipped Okawaru.
Okawaru was extremely pleased with you.
You were hungry.

You visited 3 branches of the dungeon, and saw 14 of its levels.

You collected 596 gold pieces.

Inventory:

Hand Weapons
 a - a +0 whip of freezing
 b - a +1 dagger of venom (weapon)
 d - a +0 flail
 j - the +11 longbow "Sanat" {velocity, Dex+4, unknown}
   (Okawaru gifted it to you on level 1 of the Lair of Beasts)

   Any arrow fired from it inflicts extra damage.
   It affects your dexterity (+4).
 n - a +0 long sword of holy wrath
 y - a +1 dagger of speed
 B - a +1 dagger of speed
 H - a +0 giant spiked club
Missiles
 e - 3 tomahawks (quivered)
Armour
 c - a +0 shield (worn)
 l - a +1 cloak (worn)
 s - a +2 robe of cold resistance (worn)
 u - a scarf of repulsion
Jewellery
 w - an uncursed ring of see invisible
 z - a ring of protection from magic (right hand)
 E - a ring of magical power (left hand)
 J - an amulet of guardian spirit (around neck)
Wands
 r - a wand of flame (4)
 v - a wand of digging (9)
Scrolls
 g - a scroll of immolation
 k - 6 scrolls of remove curse
 p - 3 scrolls of magic mapping
 x - 2 scrolls of fog
 D - 4 scrolls of identify
 G - 2 scrolls of noise
Potions
 q - 4 potions of brilliance
Comestibles
 f - 17 rations


   Skills:
 + Level 15.7 Fighting
 - Level 0.2 Short Blades
 + Level 10.8 Maces & Flails
 * Level 2.8 Throwing
 - Level 3.0 Dodging
 - Level 3.0 Shields
 - Level 3.0 Spellcasting
 - Level 3.0 Invocations
 - Level 3.0 Evocations


You had 16 spell levels left.
You didn't know any spells.
Your spell library contained the following spells:

 Spells                   Type           Power        Failure   Level  Hunger
 Infusion                 Chrm           #...         71%         1    #......
 Shroud of Golubria       Chrm/Tloc      #.........   83%         2    ###....
 Song of Slaying          Chrm           #.......     83%         2    ###....
 Regeneration             Chrm/Necr      #.........   97%         3    ###....
 Spectral Weapon          Hex/Chrm       #.......     97%         3    ###....


Dungeon Overview and Level Annotations

Branches:
Dungeon (10/15)            Temple (1/1) D:4            Lair (3/6) D:8
 Shoals (0/4) Lair:2
  Snake: Lair:2-4    Spider: Lair:2-4       Orc: D:9-12

Altars:
Ashenzari
Cheibriados
Dithmenos
Elyvilon
Fedhas
Gozag
Hepliaklqana
Kikubaaqudgha
Makhleb
Nemelex Xobeh
Okawaru
Qazlal
Ru
Sif Muna
Trog
Uskayaw
Vehumet
Wu Jian
Xom
Yredelemnul
Zin
The Shining One

Shops:
D:7 [

Annotations:
D:8 death yak!
Lair:1 exclusion: oklob plant
Lair:2 Gastronok


Innate Abilities, Weirdness & Mutations

You are too large for most types of armour.
You have tough skin. (AC +1)
Your flesh is very heat resistant. (rF++)
You expend magic power (3 MP) to strengthen your wands.


Message History

You miss the blink frog.
The blink frog is moderately wounded.
The blink frog blinks!
The blink frog hits you!
* * * LOW HITPOINT WARNING * * *
Okay, then.
As you read the scroll of immolation, it crumbles to dust.
The creatures around you are filled with an inner flame!
The blink frog blinks!
You miss the blink frog. The blink frog barely misses you.
The blink frog blinks! x2
Throwing (i - inventory)
e - 4 tomahawks (quivered)
Press: ? - help, Shift-Dir - straight line, f/p - blink frog
Aim: a blink frog (moderately wounded, poisoned, inner flame)
You throw a tomahawk. The tomahawk hits the blink frog.
The blink frog is moderately wounded.
The blink frog misses you.
You puncture the blink frog!
The blink frog is severely wounded.
The blink frog hits you!
You die...

## #.#### ####### ###### ########
####.#P###.##..###..#.####.#.#...
..............FF@F(...F(...^.....
.............#####F.....#..#.....
.............# ##..............
...>.........# ##.#.##.###....
#.##.........# #.........#....
.#####P.......# ##FP...........
## #P.......# #...#.........
##......##..###.P.#.....)...
..............>...###.P.P..


You could see 5 blink frogs.

Vanquished Creatures
  A hydra (Lair:1)
  2 death yaks (D:8)
  Pikel (D:9)
  Psyche (D:9)
  3 spiny frogs
  A komodo dragon (Lair:2)
  A rime drake (Lair:3)
  A troll (D:10)
  A tengu conjurer (D:10)
  A slime creature (D:10)
  3 hippogriffs
  A spriggan (D:7)
  A basilisk (Lair:1)
  A vampire (D:10)
  2 hungry ghosts (D:9)
  An acid dragon (D:10)
  2 water moccasins
  4 orc warriors
  A porcupine (Lair:2)
  A sky beast (D:9)
  An ice beast (D:7)
  4 slaves
  2 phantoms
  A necrophage (D:9)
  6 ogres
  7 wolves
  6 centaurs
  A big kobold (D:7)
  6 bullfrogs
  3 scorpions
  12 killer bees
  A howler monkey (D:6)
  2 crimson imps (D:6)
  3 centaur zombies
  A quasit (D:8)
  4 hounds
  2 jellies
  10 orc wizards
  6 orc priests
  Ijyb (D:4)
  4 iguanas
  2 hell rats
  6 worker ants
  A worker ant zombie (D:7)
  8 gnolls
  8 adders
  An adder zombie (D:6)
  4 adder skeletons
  3 worms
  4 dart slugs
  5 leopard geckos
  32 orcs
  10 giant cockroaches
  3 hobgoblins
  5 jackals
  16 kobolds
  2 quokkas
  2 ball pythons
  6 bats
  9 frilled lizards
  A giant cockroach zombie (D:6)
  9 goblins
  A jackal zombie (D:5)
  16 rats
267 creatures vanquished.

Vanquished Creatures (others)
  7 fungi
  A plant (Lair:2)
8 creatures vanquished.

Grand Total: 275 creatures vanquished

Notes
Turn   | Place    | Note
-------+----------+-------------------------------------------
     0 | D:1      | Ihlosi the Ogre Fighter began the quest for the Orb.
     0 | D:1      | Reached XP level 1. HP: 24/24 MP: 1/1
   104 | D:1      | Reached XP level 2. HP: 24/33 MP: 2/2
   519 | D:1      | Reached XP level 3. HP: 14/40 MP: 3/3
   893 | D:1      | Found a shattered altar of Ashenzari.
  1109 | D:2      | Reached skill level 5 in Fighting
  1109 | D:2      | Reached XP level 4. HP: 50/50 MP: 4/4
  1175 | D:3      | Found a stormy altar of Qazlal.
  1175 | D:3      | Noticed a water elemental
  1266 | D:2      | Found an opulent altar of Gozag.
  2271 | D:3      | Found an ancient bone altar of Kikubaaqudgha.
  2286 | D:3      | Reached XP level 5. HP: 48/57 MP: 5/5
  2689 | D:3      | Noticed an air elemental
  2691 | D:3      | Noticed a fire elemental
  3171 | D:4      | Reached skill level 6 in Fighting
  3425 | D:4      | Reached XP level 6. HP: 47/67 MP: 6/6
  3659 | D:4      | Found a staircase to the Ecumenical Temple.
  3667 | Temple   | Entered the Ecumenical Temple
  4090 | D:4      | Found a hazy altar of Hepliaklqana.
  4481 | D:4      | Reached skill level 7 in Fighting
  4517 | D:4      | Noticed Ijyb
  4552 | D:4      | Killed Ijyb
  4552 | D:4      | Reached XP level 7. HP: 56/78 MP: 7/7
  4725 | D:5      | Entered Level 5 of the Dungeon
  4984 | D:5      | Reached skill level 5 in Maces & Flails
  5137 | D:5      | Found a sacrificial altar of Ru.
  5137 | D:5      | Found a sparkling altar of Nemelex Xobeh.
  6092 | D:6      | Reached skill level 8 in Fighting
  6380 | D:6      | Reached XP level 8. HP: 61/89 MP: 8/8
  6419 | D:6      | Reached skill level 9 in Fighting
  7148 | D:6      | Found an iron altar of Okawaru.
  7155 | D:6      | Became a worshipper of Warmaster Okawaru
  7446 | D:6      | Found a radiant altar of Vehumet.
  7553 | D:6      | Reached skill level 10 in Fighting
  7553 | D:6      | Reached skill level 1 in Invocations
  8105 | D:7      | Found Ryschylid's Antique Armour Shop.
  8186 | D:7      | Reached skill level 1 in Evocations
  8661 | D:7      | Reached XP level 9. HP: 89/101 MP: 10/10
  8900 | D:7      | Reached * piety under Okawaru
  9229 | D:7      | Found a glowing silver altar of Zin.
  9324 | D:7      | Found a shadowy altar of Dithmenos.
 10359 | D:7      | Reached skill level 11 in Fighting
 10373 | D:7      | HP: 5/105 [poisoned by a killer bee]
 10375 | D:7      | Gained mutation: You expend magic power (3 MP) to
                  | strengthen your wands. [potion of mutation]
 10375 | D:7      | Gained mutation: Your flesh is heat resistant. (rF+)
                  | [potion of mutation]
 10375 | D:7      | Gained mutation: Your flesh is very heat resistant. (rF++)
                  | [potion of mutation]
 10398 | D:7      | HP: 5/105 [poisoned by a killer bee]
 10405 | D:7      | HP: 5/105 [poisoned by a killer bee]
 10413 | D:7      | HP: 5/105 [poisoned by a killer bee]
 11093 | D:7      | Reached ** piety under Okawaru
 11146 | D:8      | Found a staircase to the Lair.
 11146 | D:8      | Noticed a death yak
 11484 | D:9      | Noticed Pikel
 12040 | D:9      | Killed Pikel
 12040 | D:9      | Reached skill level 12 in Fighting
 12040 | D:9      | Reached XP level 10. HP: 100/117 MP: 12/12
 12163 | D:9      | Reached *** piety under Okawaru
 12442 | D:9      | Noticed Psyche
 12528 | D:9      | Killed Psyche
 12528 | D:9      | Reached skill level 13 in Fighting
 13706 | D:10     | Entered Level 10 of the Dungeon
 14107 | D:10     | Reached **** piety under Okawaru
 14110 | D:10     | Reached skill level 14 in Fighting
 14178 | D:10     | Noticed a deep elf knight
 14271 | D:8      | Noticed a death yak
 14279 | D:8      | Noticed a death yak
 14295 | D:8      | Killed a death yak
 14295 | D:8      | Reached skill level 1 in Spellcasting
 14295 | D:8      | Reached XP level 11. HP: 130/130 MP: 6/13
 14317 | D:8      | Killed a death yak
 14317 | D:8      | Reached ***** piety under Okawaru
 14317 | D:8      | Reached skill level 10 in Maces & Flails
 15589 | Lair:1   | Entered Level 1 of the Lair of Beasts
 15589 | Lair:1   | Noticed an oklob plant
 15666 | Lair:1   | Reached skill level 15 in Fighting
 16287 | Lair:1   | Found a shimmering altar of Xom.
 16293 | Lair:1   | Noticed a six-headed hydra
 16569 | Lair:2   | Reached skill level 1 in Throwing
 16598 | Lair:1   | Noticed a four-headed hydra
 16613 | Lair:2   | Noticed a six-headed hydra
 16627 | Lair:1   | Killed a four-headed hydra
 16627 | Lair:1   | Received a gift from Okawaru
 16628 | Lair:1   | Got an ivory longbow {god gift}
 17267 | Lair:2   | Found a staircase to the Shoals.
 17789 | Lair:2   | HP: 5/133 [wolf (3)]
 17942 | Lair:2   | Noticed Gastronok
 18310 | Lair:2   | HP: 3/135 [blink frog (6)]
 18314 | Lair:2   | Slain by a blink frog

Skill      XL: |  1  2  3  4  5  6  7  8  9 10 11 |
---------------+----------------------------------+-----
Maces & Flails | 2 3 4 5 7 8 9 10 | 10.8
Dodging        | 3 |  3.0
Shields        | 3 |  3.0
Fighting       | 5 6 7 8 10 12 14 15 | 15.7
Invocations    | 1 3 |  3.0
Evocations     | 1 3 |  3.0
Spellcasting   | 1 3 |  3.0
Throwing       | 2 |  2.8
Short Blades   | |  0.2

Action                   |  1- 3 |  4- 6 |  7- 9 | 10-12 || total
-------------------------+-------+-------+-------+-------++-------
Melee: Flail             |   118 |   291 |   354 |    24 ||   787
       Dagger            |       |       |   120 |    54 ||   174
       Whip              |       |       |       |   603 ||   603
       Long sword        |       |       |       |    12 ||    12
Throw: Stone             |       |       |     2 |     4 ||     6
       Tomahawk          |       |       |       |     5 ||     5
Evoke: Wand              |       |       |    31 |       ||    31
  Use: Potion            |     1 |     2 |    11 |     9 ||    23
       Scroll            |       |     3 |     7 |    14 ||    24
 Stab: Invisible         |       |       |       |     1 ||     1
  Eat: Chunk             |     1 |    11 |    12 |    14 ||    38
       Ration            |       |       |     4 |     4 ||     8
Armor: Robe              |    44 |    74 |    95 |   120 ||   333
       Skin              |       |       |    13 |    34 ||    47
Dodge: Dodged            |    54 |    95 |   158 |   152 ||   459
Block: Shield            |    60 |   131 |   194 |   222 ||   607
       Rpst.: Long sword |       |       |       |     3 ||     3
